 Dungeon Crawl Stone Soup version 0.30-a0-125-g51eefa89be (webtiles) character file.

Game seed: 2286129534641059341

232 Flugkiller the Digger (level 6, -2/51 HPs)
             Began as a Naga Earth Elementalist on Sept 18, 2022.
             Slain by Grinder (5 damage)
             ... on level 4 of the Dungeon.
             The game lasted 00:06:29 (3303 turns).

Flugkiller the Digger (Naga Earth Elementalist)     Turns: 3303, Time: 00:06:29

Health: -2/51      AC:  3    Str: 10      XL:     6   Next: 4%
Magic:  4/11       EV:  9    Int: 17 (18) God:
Gold:   117        SH:  0    Dex: 11      Spells: 11/12 levels left

rFire   . . .      SeeInvis +    i - +5 short sword "Momotis" {drain, Stlth+}
rCold   . . .      Faith    .    (no shield)
rNeg    . . .      Spirit   .    a - +0 robe
rPois   +          Reflect  .    (no helmet)
rElec   .          Harm     .    (no cloak)
rCorr   .          Rampage  .    (no gloves)
Will    .....                    (no barding)
Stlth   +++.......               (no amulet)
HPRegen 0.17/turn                (no ring)
MPRegen 0.12/turn                (no ring)

@: attractive, very slow
A: AC +2, large, see invisible, deformed body, poison resistance, slowness 2,
spit poison 1, naga tail 1
a: Spit Poison


You were on level 4 of the Dungeon.
You visited 1 branch of the dungeon, and saw 4 of its levels.

You collected 165 gold pieces.
You spent 48 gold pieces at shops.

Inventory:

Hand Weapons
 h - a +1 dagger of venom
   (You found it on level 1 of the Dungeon)
 i - the +5 short sword "Momotis" (weapon) {drain, Stlth+}
   (You found it on level 2 of the Dungeon)

   A truly terrible weapon, it drains the life of any living foe it strikes.
   Stlth:     It makes you more stealthy.
Armour
 a - a +0 robe (worn)
 d - the +1 robe of the Moneychanger {Harm Str+4}
   (You found it on level 4 of the Dungeon)

   Str:       It affects your strength (+4).
   Harm:      It increases damage dealt and taken.
Scrolls
 c - a scroll of vulnerability
 l - a scroll of amnesia
 m - a scroll of magic mapping
 r - a scroll of identify
Potions
 b - a potion of magic
 k - 2 potions of degeneration


   Skills:
 * Level 1.1 Fighting
 * Level 1.2 Short Blades
 - Level 1.5 Dodging
 - Level 3.0 Stealth
 + Level 3.9 Spellcasting
 - Level 1.0 Transmutations
 + Level 4.8 Earth Magic


You had 11 spell levels left.
You knew the following spells:

 Your Spells              Type           Power      Damage    Failure   Level
a - Sandblast             Erth           38%        2d10      2%          1

Your spell library contained the following spells:

 Spells                   Type           Power      Damage    Failure   Level
 Passwall                 Tmut/Erth      10%        N/A       8%          2
 Stone Arrow              Conj/Erth      22%        3d8       19%         3
 Inner Flame              Hex/Fire       3%         N/A       43%         3
 Petrify                  Tmut/Erth      13%        N/A       43%         4
 Sticky Flame             Conj/Fire      3%         2d3       85%         4
 Fireball                 Conj/Fire      1%         3d3       99%         5


Dungeon Overview and Level Annotations

Branches:
Dungeon (4/15) Zot: 19861
 Temple: D:4-7

Altars:

Shops:
D:2 ?[:[[

Annotations:
D:3 2 runed translucent doors, Klosterheim's ghost, amateur DsNe
D:4 Grinder


Innate Abilities, Weirdness & Mutations

Your serpentine skin is tough. (AC +2)
You have supernaturally acute eyesight. (SInv)
Armour fits poorly on your strangely shaped body.
Your system is resistant to poisons. (rPois)
You cover ground very slowly.
You can spit poison.
You have a snake-like lower body.


Message History

The hobgoblin hits you but does no damage.
The goblin hits you but does no damage.
You barely miss the goblin.
The goblin no longer looks unusually strong.
The goblin hits you but does no damage. x2
Robin roars a battlecry!
The goblin goes into a battle-frenzy!
The hobgoblin hits you.
* * * LOW HITPOINT WARNING * * *
You puncture the goblin!
You kill the goblin!
The hobgoblin hits you.
* * * LOW HITPOINT WARNING * * *
The goblin hits you but does no damage.
You hit the goblin.
You kill the goblin!
Your Fighting skill increases to level 1!
You closely miss the hobgoblin.
The hobgoblin hits you but does no damage.
Robin hits you but does no damage.
You barely miss the hobgoblin. You punch the hobgoblin.
The hobgoblin is lightly wounded.
The hobgoblin hits you but does no damage.
Robin hits you but does no damage.
You barely miss the hobgoblin.
The hobgoblin is lightly wounded.
Your transformation is almost over.
Grinder blinks!
Robin hits you but does no damage.
The hobgoblin hits you but does no damage.
You puncture the hobgoblin!
You kill the hobgoblin!
Robin hits you with a +0 mace.
* * * LOW HITPOINT WARNING * * *
Grinder blinks!
Casting: Sandblast (safe; 2% risk of failure)
Confirm with . or Enter, or press ? or * to list all spells.
Aiming: Sandblast (safe; 2% risk of failure)
Press: ? - help, Shift-Dir - straight line, f - Robin
Aim: Robin, wielding a +0 mace, wearing a +0 animal skin and wearing a +0 helmet (87% to hit)
The blast of sand hits Robin!
Robin is almost dead.
Robin flexes a bicep menacingly.
Robin hits you with a +0 mace.
* * * LOW HITPOINT WARNING * * *
Grinder gestures at you.
Your butterfly suddenly stops moving!
Robin hits you but does no damage.
Casting: Sandblast (safe; 2% risk of failure)
Confirm with . or Enter, or press ? or * to list all spells.
Aiming: Sandblast (safe; 2% risk of failure)
Press: ? - help, Shift-Dir - straight line, f/p - Robin
Aim: Robin, wielding a +0 mace, wearing a +0 animal skin and wearing a +0 helmet (almost dead, 87% to hit)
The blast of sand hits Robin!
You kill Robin!
Grinder hits your butterfly!
Your butterfly dies!
Your butterfly disappears in a burst of colours!
You have reached level 6!
Your skin feels tougher.
It was a potion of flight.
Your roots keep you in place.
It was a potion of attraction.
You feel attractive to monsters. Grinder hits your butterfly!
Your butterfly dies!
Your butterfly disappears in a burst of colours!
Grinder is attracted toward you.
Unknown command.
Unknown command.
Casting: Sandblast (safe; 2% risk of failure)
Confirm with . or Enter, or press ? or * to list all spells.
Aiming: Sandblast (safe; 2% risk of failure)
Press: ? - help, Shift-Dir - straight line, f - Grinder
Aim: Grinder (80% to hit)
The blast of sand hits Grinder.
Grinder is lightly wounded.
Grinder hits you but does no damage. Grinder barely misses you.
Casting: Sandblast (safe; 2% risk of failure)
Confirm with . or Enter, or press ? or * to list all spells.
Aiming: Sandblast (safe; 2% risk of failure)
Press: ? - help, Shift-Dir - straight line, f/p - Grinder
Aim: Grinder (lightly wounded, 80% to hit)
The blast of sand hits Grinder.
Grinder is moderately wounded.
Grinder hits you.
* * * LOW HITPOINT WARNING * * *
You writhe in agony.
* * * LOW HITPOINT WARNING * * *
You puncture Grinder!
Grinder is heavily wounded.
You feel less wooden.
Your +0 robe unmelds from your body.
Grinder completely misses you.
Casting: Sandblast (safe; 2% risk of failure)
Confirm with . or Enter, or press ? or * to list all spells.
Aiming: Sandblast (safe; 2% risk of failure)
Press: ? - help, Shift-Dir - straight line, f/p - Grinder
Aim: Grinder (heavily wounded, 80% to hit)
The blast of sand hits Grinder.
Grinder is heavily wounded.
Grinder hits you.
You die...

#######.....#
#.........###
#.........#
######.######..#
#.....bb..###..#
#.###.bb...##..########
#.....bbb.............#
#####)5..........####..
#b@.........## ###
#)########.## ######)##
#.# #.......# #.#
#.####..# #+# #.g# #..#
...# ...#


You could see Grinder.

Vanquished Creatures
  A centaur (D:3)
  An iguana (D:3)
  Robin (D:4)
  5 adders
  A worm (D:3)
  6 dart slugs
  An orc (D:3)
  An endoplasm (D:2)
  2 giant cockroaches
  3 hobgoblins
  5 kobolds
  2 quokkas
  12 ball pythons
  3 bats
  A frilled lizard (D:3)
  13 goblins
  6 rats
64 creatures vanquished.

Notes
Turn   | Place    | Note
-------+----------+-------------------------------------------
     0 | D:1      | Flugkiller the Naga Earth Elementalist began the quest for
                  | the Orb.
     0 | D:1      | Reached XP level 1. HP: 15/15 MP: 3/3
    89 | D:1      | Reached XP level 2. HP: 22/22 MP: 1/5
   417 | D:1      | Found a faded altar of an unknown god.
   886 | D:2      | Reached XP level 3. HP: 27/28 MP: 4/7
   923 | D:2      | Found Peneot's Armour Shoppe.
   964 | D:2      | Found Ihearchua's Antique Armour Emporium.
  1297 | D:2      | Reached skill level 4 in Earth Magic
  1297 | D:2      | Reached XP level 4. HP: 12/36 MP: 0/8
  1555 | D:2      | Found Upna's Magic Scroll Shop.
  1566 | D:2      | Bought a scroll of identify for 24 gold pieces
  1566 | D:2      | Bought a scroll of identify for 24 gold pieces
  1692 | D:2      | Found Deemagro's Book Shoppe.
  1719 | D:2      | Identified the +5 short sword "Momotis" {drain, Stlth+}
  1781 | D:2      | Found Jugiq's Antique Armour Emporium.
  2042 | D:3      | Got the Catalogue of Incandescence
  2043 | D:3      | Noticed a centaur
  2073 | D:3      | Killed a centaur
  2074 | D:3      | Reached XP level 5. HP: 18/42 MP: 8/10
  2491 | D:3      | Found a runed translucent door.
  2501 | D:3      | Noticed Klosterheim's ghost (amateur DsNe)
  2705 | D:3      | Found a runed translucent door.
  2992 | D:4      | Identified the +1 robe of the Moneychanger {Harm Str+4}
  3085 | D:4      | Noticed Robin
  3097 | D:4      | Reached skill level 1 in Short Blades
  3285 | D:4      | Noticed Grinder
  3292 | D:4      | Reached skill level 1 in Fighting
  3297 | D:4      | Killed Robin
  3298 | D:4      | Reached XP level 6. HP: 10/51 MP: 6/11
  3303 | D:4      | Slain by Grinder

Illustrated notes

Levels and vault maps discovered:
D:1:      onia_arrival_mini_maze_b, layout_loops_cross, basic_ecumenical_altar
D:2:      layout_basic, serial_shops, nicolae_shop_hallway_plus,
          nicolae_square_shop, shop_fountains, shop, shop_statue,
          minmay_snake_closets
D:3:      layout_basic, ebering_ghost_sewer_f, minmay_misc_feat_enclosed,
          mrwooster_statue_mirror, due_unseen_surprise
D:4:      layout_loops_corners, tso_metal_star, uniq_robin, uniq_grinder,
          uniq_ijyb

Skill      XL: |  1  2  3  4  5 |
---------------+----------------+-----
Spellcasting   | 3 |  3.9
Earth Magic    | 4 |  4.8
Short Blades   | 1 |  1.2
Fighting       | 1 |  1.1
Dodging        | |  1.5
Stealth        | |  3.0
Transmutations | |  1.0

Action                   |  1- 3 |  4- 6 || total
-------------------------+-------+-------++-------
Melee: Dagger            |    42 |     2 ||    44
       Punch             |     1 |     1 ||     2
       Short sword       |       |    38 ||    38
 Cast: Sandblast         |    21 |    40 ||    61
 Abil: Spit Poison       |       |     1 ||     1
  Use: Scroll            |       |    14 ||    14
       Potion            |       |     8 ||     8
 Stab: Sleeping          |     6 |       ||     6
Armor: Robe              |    16 |     7 ||    23
       Skin              |       |    22 ||    22
Dodge: Dodged            |    24 |    29 ||    53

Table legend: (Time is in decaauts)
 A = Elapsed time spent in this place.
 B = Non-inter-level travel time spent in this place.
 C = Inter-level travel time spent in this place.
 D = Time resting spent in this place.
 E = Time spent auto-exploring this place.
 F = Levels seen in this place.
 G = Mean time per level.
                   A        B        C        D        E       F      G
               +--------+--------+--------+--------+--------+-----+--------+
         Total |   4137 |   3996 |    141 |    955 |   2333 |   4 | 1034.2 |
       Dungeon |   4137 |   3996 |    141 |    955 |   2333 |   4 | 1034.2 |
               +--------+--------+--------+--------+--------+-----+--------+

Top non-repeatable levels by time:
     D:3: 1361 daAuts
     D:2: 1294 daAuts
     D:1: 1087 daAuts
     D:4: 394 daAuts
